 Dungeon Crawl Stone Soup version 0.29-a0-22-gbf593b16ee (webtiles) character file.

Game seed: 2034538398872562486

142629 fragbeetle the Thaumaturge (level 17, -8/138 HPs)
             Began as a Gnoll Hedge Wizard on Jan 29, 2022.
             Was a High Priest of Ashenzari.
             Mangled by a wolf spider (22 damage)
             ... on level 4 of the Lair of Beasts on Jan 30, 2022.
             The game lasted 03:04:06 (34772 turns).

fragbeetle the Thaumaturge (Gnoll Hedge Wizard)    Turns: 34772, Time: 03:04:07

Health: -8/138     AC: 26    Str: 11    XL:     17   Next: 35%
Magic:  8/36       EV: 17    Int: 26    God:    Ashenzari [*****.]
Gold:   1531       SH:  7    Dex: 10    Spells: 5/47 levels left

rFire   + . .      SeeInvis +   b - +5 trident (protect)
rCold   + + .      Faith    .   s - +0 buckler "Inaction of Ashenzari" {Melee, Comp} (curse)
rNeg    . . .      Spirit   .   A - +1 robe "Behold Eternity" {rC+ Regen+ MP+9 Dex-3, Elem, Comp} (curse)
rPois   +          Reflect  .   B - +4 helmet "Eternal Together" {Regen+ rCorr MP-9 Int+5, Bglg, Self} (curse)
rElec   +          Harm     .   I - scarf of Ashenzari's Black Moon {rC+ rF+, Bglg, Melee} (curse)
rCorr   +          Rampage  .   u - +2 pair of gloves "Fallacy of Ashenzari" {Alch, Cun} (curse)
Will    ++...      Clarity  +   C - +0 pair of boots "Disgust of Ashenzari" {rElec rPois rCorr Str+2, Elem, Bglg} (curse)
Stlth   ++++++....              T - amulet of Ashenzari's Pleiades {RegenMP, Fort, Bglg} (curse)
HPRegen 1.93/turn               i - ring of the Sidereal Servitude {AC+4, Elem, Cun} (curse)
MPRegen 0.65/turn               q - ring of the Ensconced Chagrin {Will+, Evo, Melee} (curse)

@: about to teleport, under a protective aura, very slightly contaminated
A: fangs 1, strong nose, distributed training
a: Renounce Religion, Curse Item, Shatter the Chains


You were on level 4 of the Lair of Beasts.
You worshipped Ashenzari.
Ashenzari was extremely pleased with you.
You visited 5 branches of the dungeon, and saw 25 of its levels.
You also visited: Gauntlet and Ice Cave.

You collected 4744 gold pieces.
You spent 3213 gold pieces at shops.

Inventory:

Hand Weapons
 b - a +5 trident of protection (weapon)
 g - the +5 shortbow "Xyucsuq" {speed, rCorr}
   (You bought it in a shop on level 2 of the Orcish Mines)

   Attacks with this weapon are significantly faster.
   rCorr:     It protects you from acid and corrosion.
 V - a +2 scimitar of flaming
Missiles
 j - 347 arrows
 t - 3 boomerangs of dispersal
 L - 3 throwing nets
 Q - 7 silver javelins
 U - 3 curare-tipped darts
Armour
 s - the cursed +0 buckler "Inaction of Ashenzari" (worn) {Melee, Comp}
   (You took it off a gnoll sergeant on level 8 of the Dungeon)

   It has a curse which improves the following skills: Melee Combat: Short
   Blades, Long Blades, Axes, Maces & Flails, Polearms, Staves and Unarmed
   Combat.
   Companions: Summonings and Necromancy.
 u - the cursed +2 pair of gloves "Fallacy of Ashenzari" (worn) {Alch, Cun}
   (You found it on level 5 of the Dungeon)

   It has a curse which improves the following skills: Alchemy: Poison Magic and
   Transmutations.
   Cunning:   Dodging and Stealth.
 A - the cursed +1 robe "Behold Eternity" (worn) {rC+ Regen+ MP+9 Dex-3, Elem, Comp}
   (You found it on level 4 of the Dungeon)

   Dex:       It affects your dexterity (-3).
   rC:        It protects you from cold.
   MP:        It affects your magic capacity (+9).
   Regen:     It increases your rate of health regeneration.
   It has a curse which improves the following skills: Elements: Fire Magic, Ice
   Magic, Air Magic and Earth Magic.
   Companions: Summonings and Necromancy.
 B - the cursed +4 helmet "Eternal Together" (worn) {Regen+ rCorr MP-9 Int+5, Bglg, Self}
   (You found it in a Gauntlet)

   Int:       It affects your intelligence (+5).
   MP:        It affects your magic capacity (-9).
   Regen:     It increases your rate of health regeneration.
   rCorr:     It protects you from acid and corrosion.
   It has a curse which improves the following skills: Beguiling: Conjurations,
   Hexes and Translocations.
   Introspection: Fighting and Spellcasting.
 C - the cursed +0 pair of boots "Disgust of Ashenzari" (worn) {rElec rPois rCorr Str+2, Elem, Bglg}
   (You found it on level 5 of the Dungeon)

   Str:       It affects your strength (+2).
   rElec:     It insulates you from electricity.
   rPois:     It protects you from poison.
   rCorr:     It protects you from acid and corrosion.
   It has a curse which improves the following skills: Elements: Fire Magic, Ice
   Magic, Air Magic and Earth Magic.
   Beguiling: Conjurations, Hexes and Translocations.
 I - the cursed scarf of Ashenzari's Black Moon (worn) {rC+ rF+, Bglg, Melee}
   (You bought it in a shop on level 6 of the Dungeon)

   It has a curse which improves the following skills: Beguiling: Conjurations,
   Hexes and Translocations.
   Melee Combat: Short Blades, Long Blades, Axes, Maces & Flails, Polearms,
   Staves and Unarmed Combat.
Jewellery
 i - the cursed ring of the Sidereal Servitude (left hand) {AC+4, Elem, Cun}
   (You found it on level 1 of the Dungeon)

   [ring of protection]

   AC:        It affects your AC (+4).
   It has a curse which improves the following skills: Elements: Fire Magic, Ice
   Magic, Air Magic and Earth Magic.
   Cunning:   Dodging and Stealth.
 o - a ring of flight
 q - the cursed ring of the Ensconced Chagrin (right hand) {Will+, Evo, Melee}
   (You found it on level 8 of the Dungeon)

   [ring of willpower]

   Will:      It increases your willpower.
   It has a curse which improves the following skills: Evocations: Evocations.
   Melee Combat: Short Blades, Long Blades, Axes, Maces & Flails, Polearms,
   Staves and Unarmed Combat.
 T - the cursed amulet of Ashenzari's Pleiades (around neck) {RegenMP, Fort, Bglg}
   (You took it off an orc on level 8 of the Dungeon)

   [amulet of magic regeneration]

   It increases your rate of magic regeneration.
   It has a curse which improves the following skills: Fortitude: Armour and
   Shields.
   Beguiling: Conjurations, Hexes and Translocations.
Wands
 p - a wand of flame (21)
 v - a wand of mindburst (7)
 w - a wand of charming (25)
 y - a wand of digging (12)
 D - a wand of iceblast (23)
 E - a wand of acid (14)
 K - a wand of paralysis (23)
 R - a wand of polymorph (2)
Scrolls
 e - 2 scrolls of silence
 f - 2 scrolls of holy word
 h - 10 scrolls of fog
 m - 5 scrolls of fear
 F - a scroll of summoning
 M - 11 scrolls of teleportation
 S - a scroll of magic mapping
 W - 5 scrolls of blinking
Potions
 c - 2 potions of heal wounds
 d - 2 potions of ambrosia
 k - 4 potions of brilliance
 l - a potion of flight
 n - a potion of cancellation
 r - a potion of haste
 x - a potion of resistance
 z - 9 potions of curing
 H - 2 potions of might
 J - 2 potions of lignification
 N - a potion of magic
 P - a potion of invisibility
Miscellaneous
 a - a phial of floods
 X - a box of beasts
 Y - a condenser vane
 Z - a lightning rod (4/4)


   Skills:
 + Level 11.6(13.9) Fighting
 + Level 11.6(16.1) Short Blades
 + Level 11.6(16.1) Long Blades
 + Level 11.6(16.1) Axes
 + Level 11.6(16.1) Maces & Flails
 + Level 11.6(16.1) Polearms
 + Level 11.6(16.1) Staves
 + Level 11.6 Slings
 + Level 11.6 Bows
 + Level 11.6 Crossbows
 + Level 11.6 Throwing
 + Level 11.6(13.9) Armour
 + Level 12.4(15.8) Dodging
 + Level 12.3(15.7) Stealth
 + Level 11.6(13.9) Shields
 + Level 11.6(16.1) Unarmed Combat
 + Level 13.5(15.7) Spellcasting
 + Level 10.1(15.5) Conjurations
 + Level 9.8(15.2) Hexes
 + Level 10.1(13.5) Summonings
 + Level 9.8(13.2) Necromancy
 + Level 10.1(15.5) Translocations
 + Level 9.8(12.1) Transmutations
 + Level 9.8(14.3) Fire Magic
 + Level 9.8(14.3) Ice Magic
 + Level 9.8(14.3) Air Magic
 + Level 9.8(14.3) Earth Magic
 + Level 9.8(12.1) Poison Magic
 + Level 12.6 Invocations
 + Level 11.6(13.9) Evocations


You had 5 spell levels left.
You knew the following spells:

 Your Spells              Type           Power      Damage    Failure   Level
a - Magic Dart            Conj           100%       1d8       0%          1
c - Mephitic Cloud        Conj/Pois/Air  75%        N/A       1%          3
d - Blink                 Tloc           100%       N/A       0%          2
e - Conjure Flame         Conj/Fire      78%        6-21      1%          3
f - Inner Flame           Hex/Fire       78%        N/A       1%          3
g - Summon Hydra          Summ           37%        N/A       10%         7
h - Slow                  Hex            100%       N/A       0%          1
i - Summon Forest         Summ/Tloc      38%        N/A       1%          5
j - Lightning Bolt        Conj/Air       39%        1d57      1%          5
k - Spellforged Servitor  Conj/Summ      38%        N/A       6%          7
q - Lee's Rapid Deconstr  Erth           38%        3d20*     1%          5

Your spell library contained the following spells:

 Spells                   Type           Power      Damage    Failure   Level
 Sandblast                Erth           100%       2d20      0%          1
 Static Discharge         Conj/Air       78%        N/A       0%          2
 Dazzling Flash           Conj/Hex       100%       N/A       0%          3
 Tukima's Dance           Hex            79%        N/A       0%          3
 Beastly Appendage        Tmut           100%       N/A       1%          1
 Call Imp                 Summ           74%        N/A       1%          2
 Passwall                 Tmut/Erth      60%        N/A       1%          2
 Wereblood                Tmut           70%        N/A       1%          2
 Spider Form              Tmut/Pois      70%        N/A       1%          3
 Stone Arrow              Conj/Erth      100%       3d13      1%          3
 Summon Guardian Golem    Hex/Summ       77%        N/A       1%          3
 Anguish                  Hex/Necr       38%        N/A       1%          4
 Cause Fear               Hex            39%        N/A       1%          4
 Fulminant Prism          Conj/Hex       39%        3d18      1%          4
 Iskenderun's Mystic Bla  Conj/Tloc      79%        2d16      1%          4
 Agony                    Necr           74%        N/A       1%          5
 Iskenderun's Battlesphe  Conj           79%        2d13      1%          5
 Silence                  Hex/Air        39%        N/A       1%          5
 Iron Shot                Conj/Erth      39%        9d8       1%          6
 Eringya's Noxious Bog    Tmut/Pois      35%        N/A       3%          6
 Enfeeble                 Hex            39%        N/A       4%          7
 Orb of Destruction       Conj           39%        9d11      4%          7
 Discord                  Hex            39%        N/A       36%         8
 Maxwell's Capacitive Co  Air            38%        ∞         47%         8
 Borgnjor's Revivificati  Necr           37%        N/A       63%         8
 Necromutation            Tmut/Necr      36%        N/A       71%         8
 Death's Door             Necr           37%        N/A       100%        9


Dungeon Overview and Level Annotations

Branches:
Dungeon (15/15)            Temple (1/1) D:6            Lair (6/6) D:10
  Swamp (0/4) Lair:3       Spider (1/4) Lair:4        Slime (0/5) Lair:5
    Orc (2/2) D:11            Elf (0/3) Orc:2        Vaults (0/5) D:13
 Depths (0/4) D:15          IceCv (visited)         Gauntlet (visited)

Altars:
Ashenzari
Cheibriados
Dithmenos
Elyvilon
Fedhas
Gozag
Hepliaklqana
Kikubaaqudgha
Makhleb
Nemelex Xobeh
Okawaru
Qazlal
Ru
Sif Muna
Trog
Uskayaw
Vehumet
Wu Jian
Xom
Yredelemnul
Zin
The Shining One
Beogh
Jiyva
Lugonu

Shops:
D:6 [   D:15 :   Orc:2 ?[(?

Portals:
Abyss: Lair:6
Trove: D:13 (give 5 scrolls of blinking)

Annotations:
D:9 3 runed translucent doors
Lair:2 yaks


Innate Abilities, Weirdness & Mutations

You have very sharp teeth.
Your uncanny sense of smell can sniff out nearby items.
Your experience applies equally to all skills.


Message History

Casting: Summon Hydra (dangerous; 10% risk of failure)
Confirm with . or Enter, or press ? or * to list all spells.
You summon a servant imbued with your destructive magic!
The wolf spider closely misses you. The wolf spider barely misses you.
The demonic crawler hits your four-headed hydra! x2
The demonic crawler hits your four-headed hydra.
The wolf spider hits you! You block the wolf spider's attack.
The nameless horror completely misses you.
Your four-headed hydra bites the demonic crawler! x2
Your four-headed hydra barely misses the demonic crawler.
Your four-headed hydra bites the demonic crawler but does no damage.
The demonic crawler hits your four-headed hydra.
The demonic crawler hits your four-headed hydra!
Your four-headed hydra dies!
Your four-headed hydra's corpse disappears in a puff of smoke!
The demonic crawler hits you but does no damage.
The demonic crawler barely misses you. The demonic crawler hits you.
The demonic crawler gives a hideous shriek!
Unknown command.
You puncture the wolf spider!
The wolf spider is severely wounded.
The wolf spider misses you.
The wolf spider bites you but does no damage.
Send 'em back where they came from!
Your spellforged servitor shudders.
The wolf spider hits you.
* * * LOW HITPOINT WARNING * * *
You block the wolf spider's attack. The demonic crawler hits you.
* * * LOW HITPOINT WARNING * * *
The demonic crawler completely misses you.
The demonic crawler hits you but does no damage.
Unknown command.
Okay, then.
As you read the scroll of teleportation, it crumbles to dust.
You feel strangely unstable. The wolf spider hits you!
* * * LOW HITPOINT WARNING * * *
The wolf spider bites you!
* * * LOW HITPOINT WARNING * * *
The wolf spider hits you!!
You die...

....###..†.....###
...##^^...###..###
..#^^^^..###.†.###
..##^[..#^^^...###
...#...^^^^....P###
....^..^>^......####
......#^^^†..^..####
......##^^^...ss####
...^..^##^#†..ss@###
.......^###...sXP###
....^...###.^.9.####
.........#.†....####
....#.#..##.....###
..........##.....##
.........#.#..#####
.....#.####...#####
......######..####


You could see a nameless horror (ally target), 4 demonic crawlers, a wolf spider
(berserk) and a friendly spellforged servitor (summoned).

Vanquished Creatures
  Kirke (Lair:4)
  Gastronok (D:8)
  A frost giant (IceCv)
  A broodmother (Lair:4)
  A dire elephant (D:15)
  The ghost of Mostra the Thaumaturge, a journeyman DjFE of Gozag (D:14)
  A minotaur (Gauntlet)
  3 boulder beetles
  2 vault guards (D:13)
  3 ogre magi
  A rakshasa (D:15)
  Erica (D:8)
  16 hydras
  A death knight (D:11)
  6 centaur warriors
  A catoblepas (Lair:5)
  16 two-headed ogres
  10 death yaks
  2 tengu warriors
  Urug (D:11)
  2 thrashing horrors (Lair:6)
  6 skeletal warriors
  A fire crab (shapeshifter) (Lair:6)
  A phantasmal warrior (D:11)
  A deep elf archer (D:15)
  2 orc knights
  3 nameless horrors
  2 deep elf pyromancers
  A wolf spider (Lair:4)
  A salamander (D:15)
  3 cyclopes
  An orc sorcerer (D:11)
  9 ugly things
  2 manticores
  12 elephants
  12 black mambas
  An ice statue (IceCv)
  A gargoyle (D:13)
  3 smoke demons (Lair:6)
  A moth of wrath (Lair:4)
  20 cane toads
  3 torpor snails
  3 rime drakes
  7 demonic crawlers
  11 komodo dragons
  Psyche (D:9)
  2 freezing wraiths
  2 ancient zymes (Lair:6)
  A kobold demonologist (D:7)
  2 yaktaurs
  A wind drake (shapeshifter) (Lair:6)
  11 polar bears
  5 trolls
  Prince Ribbit (D:6)
  25 blink frogs
  11 slime creatures
  A slime creature (shapeshifter) (D:13)
  8 dream sheep (Lair:5)
  3 large abominations (Lair:6)
  2 shadows
  A vampire (D:10)
  A ynoxinul (Lair:6)
  A jumping spider (Spider:1)
  2 spriggans (Lair:6)
  3 wraiths
  A human (shapeshifter) (D:14)
  10 wyverns
  37 yaks
  3 hogs (Lair:4)
  8 basilisks
  A redback (Spider:1)
  A chaos spawn (Lair:6)
  3 steam dragons
  Grum (D:10)
  15 vampire mosquitoes
  5 wargs
  An acid dragon (D:13)
  19 water moccasins
  An ice beast (D:7)
  26 orc warriors
  A sky beast (D:6)
  2 black bears
  29 ogres
  17 wolves
  10 centaurs
  A phantom (D:5)
  4 kobold brigands
  10 bullfrogs
  8 small abominations
  4 gnoll sergeants
  A water moccasin zombie (D:7)
  A wyvern zombie (D:4)
  A wyvern skeleton (D:6)
  A water moccasin skeleton (D:4)
  13 wights
  8 howler monkeys
  An electric eel (Lair:1)
  3 centaur zombies
  A jelly (D:5)
  2 gnoll shamans (D:7)
  6 hounds
  14 orc priests
  2 bullfrog skeletons (D:5)
  An iguana (D:6)
  6 hell rats (Lair:2)
  23 orc wizards
  A killer bee zombie (D:6)
  A hound skeleton (D:5)
  A howler monkey zombie (D:8)
  18 gnolls
  11 adders
  6 white imps (D:13)
  An adder skeleton (D:5)
  A dart slug (D:3)
  93 orcs
  5 ball pythons
  5 endoplasms
  2 giant cockroaches (D:4)
  26 goblins
  29 hobgoblins
  5 jackals
  2 quokkas
  9 bats
  18 kobolds
  5 rats
804 creatures vanquished.

Vanquished Creatures (collateral kills)
  Donald (Spider:1)
  An orc warlord (Orc:1)
  Josephine (Orc:1)
  3 boulder beetles
  2 vault guards (D:13)
  4 ogre magi (Orc:2)
  5 two-headed ogres
  A death yak (Lair:2)
  An orc high priest (Orc:2)
  A deep elf pyromancer (D:15)
  An ugly thing (D:14)
  A wolf spider (Lair:4)
  An orc sorcerer (D:13)
  A manticore (D:13)
  A gargoyle (D:13)
  2 demonic crawlers (Lair:4)
  2 trolls
  A tarantella (Spider:1)
  4 blink frogs
  3 yaks (Lair:1)
  3 wraiths (Orc:1)
  3 hogs (Lair:4)
  A basilisk (Lair:1)
  3 redbacks (Lair:4)
  2 wargs
  8 orc warriors
  An ice beast (shapeshifter) (D:13)
  17 ogres
  A centaur (D:5)
  A kobold brigand (D:7)
  A bullfrog (Lair:4)
  A gnoll sergeant (D:7)
  2 hounds
  5 orc priests
  2 orc wizards
  6 gnolls
  6 white imps (D:13)
  14 orcs
  A goblin (D:3)
  2 hobgoblins (D:3)
  3 jackals
  2 kobolds (D:3)
122 creatures vanquished.

Vanquished Creatures (others)
  A death yak (IceCv)
  A yak (IceCv)
  A wolf (IceCv)
  2 orcs (D:9)
  A bush (Lair:2)
  62 fungi
  72 plants
140 creatures vanquished.

Grand Total: 1066 creatures vanquished

Notes
Turn   | Place    | Note
-------+----------+-------------------------------------------
     0 | D:1      | fragbeetle the Gnoll Hedge Wizard began the quest for the
                  | Orb.
     0 | D:1      | Reached XP level 1. HP: 13/13 MP: 8/8
   413 | D:1      | Reached XP level 2. HP: 19/19 MP: 5/10
   417 | D:1      | Learned a level 2 spell: Call Imp
  1777 | D:2      | Reached XP level 3. HP: 25/25 MP: 5/11
  2068 | D:2      | Reached skill level 1 in Invocations
  2197 | D:2      | Found a faded altar of an unknown god.
  2303 | D:2      | Learned a level 3 spell: Mephitic Cloud
  2603 | D:2      | Reached skill level 1 in Fighting
  2603 | D:2      | Reached skill level 1 in Short Blades
  2603 | D:2      | Reached skill level 1 in Long Blades
  2603 | D:2      | Reached skill level 1 in Axes
  2603 | D:2      | Reached skill level 1 in Maces & Flails
  2603 | D:2      | Reached skill level 1 in Polearms
  2603 | D:2      | Reached skill level 1 in Staves
  2603 | D:2      | Reached skill level 1 in Slings
  2603 | D:2      | Reached skill level 1 in Bows
  2603 | D:2      | Reached skill level 1 in Crossbows
  2603 | D:2      | Reached skill level 1 in Throwing
  2603 | D:2      | Reached skill level 1 in Armour
  2603 | D:2      | Reached skill level 1 in Shields
  2603 | D:2      | Reached skill level 1 in Unarmed Combat
  2603 | D:2      | Reached skill level 1 in Evocations
  2925 | D:3      | Reached XP level 4. HP: 32/32 MP: 9/13
  3146 | D:3      | Reached skill level 1 in Hexes
  3146 | D:3      | Reached skill level 1 in Necromancy
  3146 | D:3      | Reached skill level 1 in Transmutations
  3146 | D:3      | Reached skill level 1 in Fire Magic
  3146 | D:3      | Reached skill level 1 in Ice Magic
  3146 | D:3      | Reached skill level 1 in Air Magic
  3146 | D:3      | Reached skill level 1 in Earth Magic
  3146 | D:3      | Reached skill level 1 in Poison Magic
  3707 | D:3      | Reached XP level 5. HP: 37/37 MP: 10/14
  3712 | D:3      | Learned a level 2 spell: Blink
  4670 | D:3      | Reached XP level 6. HP: 44/44 MP: 10/16
  5697 | D:4      | Reached skill level 5 in Dodging
  5905 | D:4      | Identified the +1 robe of Tulips {rC+ Regen+ MP+9 Dex-3}
  6058 | D:4      | Reached XP level 7. HP: 38/50 MP: 10/18
  6151 | D:4      | Learned a level 3 spell: Conjure Flame
  6608 | D:5      | Entered Level 5 of the Dungeon
  7009 | D:5      | Reached skill level 5 in Stealth
  7296 | D:5      | Reached XP level 8. HP: 54/57 MP: 19/19
  7403 | D:5      | Identified the +0 pair of boots of Konij {rElec rPois rCorr
                  | Str+2}
  7637 | D:5      | Found an opulent altar of Gozag.
  7637 | D:5      | Found a blossoming altar of Fedhas.
  7639 | D:5      | Found a snail-covered altar of Cheibriados.
  7639 | D:5      | Found a bloodstained altar of Trog.
  8064 | D:6      | Found a staircase to the Ecumenical Temple.
  8070 | Temple   | Entered the Ecumenical Temple
  8247 | Temple   | Became a worshipper of Ashenzari the Shackled
  8274 | D:6      | Noticed Prince Ribbit
  8316 | D:6      | Killed Prince Ribbit
  8317 | D:6      | Reached skill level 8 in Spellcasting
  8936 | D:6      | Reached XP level 9. HP: 65/65 MP: 21/21
  9003 | D:6      | Found Docuguq's Armour Shoppe.
  9009 | D:6      | Bought a scarf of resistance for 448 gold pieces
  9084 | D:6      | Found a basalt altar of Yredelemnul.
  9816 | D:7      | Learned a level 3 spell: Inner Flame
 10159 | D:7      | Reached skill level 5 in Invocations
 10386 | D:7      | Found a stormy altar of Qazlal.
 10480 | D:7      | Found an ornate altar of the Wu Jian Council.
 10550 | D:7      | Found an iron altar of Okawaru.
 10621 | D:7      | Found a hazy altar of Hepliaklqana.
 10645 | D:7      | Found a shimmering altar of Xom.
 10646 | D:7      | Noticed a spectral ugly thing
 10747 | D:7      | Reached XP level 10. HP: 73/73 MP: 22/22
 11186 | D:7      | Reached skill level 5 in Fighting
 11186 | D:7      | Reached skill level 5 in Short Blades
 11186 | D:7      | Reached skill level 5 in Long Blades
 11186 | D:7      | Reached skill level 5 in Axes
 11186 | D:7      | Reached skill level 5 in Maces & Flails
 11186 | D:7      | Reached skill level 5 in Polearms
 11186 | D:7      | Reached skill level 5 in Staves
 11186 | D:7      | Reached skill level 5 in Slings
 11186 | D:7      | Reached skill level 5 in Bows
 11186 | D:7      | Reached skill level 5 in Crossbows
 11186 | D:7      | Reached skill level 5 in Throwing
 11186 | D:7      | Reached skill level 5 in Armour
 11186 | D:7      | Reached skill level 5 in Shields
 11186 | D:7      | Reached skill level 5 in Unarmed Combat
 11186 | D:7      | Reached skill level 5 in Evocations
 11808 | D:7      | Reached skill level 9 in Spellcasting
 11971 | D:7      | Noticed a kobold demonologist
 12006 | D:7      | Killed a kobold demonologist
 12007 | D:7      | Reached skill level 5 in Conjurations
 12007 | D:7      | Reached skill level 5 in Summonings
 12007 | D:7      | Reached skill level 5 in Translocations
 12513 | D:8      | Noticed Erica
 12662 | D:8      | Reached * piety under Ashenzari
 12662 | D:8      | Identified 2 scrolls of acquirement
 12663 | D:8      | Acquired 648 gold pieces
 12665 | D:8      | Acquired 1305 gold pieces
 12806 | D:8      | Found a runed translucent door.
 12843 | D:8      | Noticed Gastronok
 12940 | D:8      | Learned a level 5 spell: Lee's Rapid Deconstruction
 12998 | D:8      | Found a burning altar of Makhleb.
 13040 | D:8      | Reached ** piety under Ashenzari
 13218 | D:8      | Found a shimmering blue altar of Sif Muna.
 13504 | D:8      | Killed Gastronok
 13505 | D:8      | Reached XP level 11. HP: 81/81 MP: 24/24
 13669 | D:8      | Identified the +3 leather armour "Atiax" {Int+3}
 14048 | D:8      | Killed Erica
 14049 | D:8      | Reached skill level 5 in Hexes
 14049 | D:8      | Reached skill level 5 in Necromancy
 14049 | D:8      | Reached skill level 5 in Transmutations
 14049 | D:8      | Reached skill level 5 in Fire Magic
 14049 | D:8      | Reached skill level 5 in Ice Magic
 14049 | D:8      | Reached skill level 5 in Air Magic
 14049 | D:8      | Reached skill level 5 in Earth Magic
 14049 | D:8      | Reached skill level 5 in Poison Magic
 14121 | D:9      | Noticed Psyche
 14505 | D:9      | Killed Psyche
 15155 | D:9      | Found a runed translucent gate.
 15155 | D:9      | Found a runed translucent gate.
 15157 | D:9      | Found a runed translucent gate.
 15158 | D:9      | Noticed a cyan ugly thing
 15158 | D:9      | Noticed a glowing orange brain
 15158 | D:9      | Noticed a purple ugly thing
 15159 | D:9      | Noticed a purple ugly thing
 15328 | D:10     | Entered Level 10 of the Dungeon
 15435 | D:10     | Noticed a centaur warrior
 15580 | D:10     | Killed a centaur warrior
 15660 | D:10     | Noticed Grum
 15695 | D:10     | Killed Grum
 15708 | D:10     | Found a staircase to the Lair.
 15865 | D:11     | Noticed Urug
 15875 | D:11     | Noticed a four-headed hydra
 15878 | D:11     | Killed Urug
 15964 | D:11     | Found a gate leading to a gauntlet.
 15980 | Gauntlet | Entered a Gauntlet
 15980 | Gauntlet | Noticed a catoblepas
 15980 | Gauntlet | Found a transporter.
 15980 | Gauntlet | Found a transporter.
 15987 | Gauntlet | Noticed a fire crab
 15996 | Gauntlet | Found a transporter.
 16000 | Gauntlet | Found a transporter.
 16011 | Gauntlet | Found a transporter.
 16012 | Gauntlet | Found a transporter.
 16019 | Gauntlet | Noticed a moth of wrath
 16020 | Gauntlet | Found a transporter.
 16033 | Gauntlet | Noticed a ghost crab
 16037 | Gauntlet | Found a transporter.
 16039 | Gauntlet | Identified the +5 chain mail of the Ecumenical Temple
                  | {Dex+6}
 16052 | Gauntlet | Found a transporter.
 16056 | Gauntlet | Found a transporter.
 16056 | Gauntlet | Identified the ring "Ytoos" {*Slow rPois rC+ Str+4}
 16064 | Gauntlet | Found a transporter.
 16068 | Gauntlet | Found a transporter.
 16069 | Gauntlet | Identified the +4 helmet "Dilywy Kava" {Regen+ rCorr MP-9
                  | Int+5}
 16391 | Gauntlet | Learned a level 1 spell: Slow
 16394 | Gauntlet | Identified the +2 flail "Estoth" {vorpal, rN++}
 16394 | Gauntlet | Noticed a minotaur
 16400 | Gauntlet | Killed a minotaur
 16543 | D:11     | Reached skill level 10 in Spellcasting
 16543 | D:11     | Reached XP level 12. HP: 88/89 MP: 26/26
 16581 | D:11     | Noticed a death knight
 16723 | D:11     | Killed a one-headed hydra
 16804 | D:11     | Noticed a two-headed ogre
 16815 | D:11     | Killed a two-headed ogre
 17285 | Lair:1   | Entered Level 1 of the Lair of Beasts
 17438 | Lair:1   | Learned a level 5 spell: Summon Forest
 17869 | Lair:1   | Reached *** piety under Ashenzari
 18315 | Lair:2   | Reached **** piety under Ashenzari
 18603 | Lair:2   | Noticed a six-headed hydra
 18622 | Lair:2   | Killed a one-headed hydra
 18624 | Lair:2   | Noticed a death yak
 18774 | Lair:2   | Noticed a death yak
 18802 | Lair:2   | Killed a death yak
 19361 | Lair:3   | Noticed an eight-headed hydra
 19382 | Lair:3   | Killed a two-headed hydra
 19407 | Lair:3   | Noticed a six-headed hydra
 19453 | Lair:2   | Killed a one-headed hydra
 19454 | Lair:2   | Reached XP level 13. HP: 62/103 MP: 29/29
 20049 | Lair:3   | Found a staircase to the Swamp.
 20381 | Lair:4   | Found a hole to the Spider Nest.
 20451 | Lair:4   | Reached ***** piety under Ashenzari
 20845 | Lair:4   | Reached skill level 11 in Spellcasting
 20932 | Lair:4   | Noticed Kirke
 21010 | Lair:4   | Identified the cursed +2 pair of gloves "Fallacy of
                  | Ashenzari" {Alch, Cun} (You found it on level 5 of the
                  | Dungeon)
 21010 | Lair:4   | Identified the cursed +0 buckler "Inaction of Ashenzari"
                  | {Melee, Comp} (You took it off a gnoll sergeant on level 8
                  | of the Dungeon)
 21010 | Lair:4   | Identified the cursed ring of the Sidereal Servitude {AC+4,
                  | Elem, Cun} (You found it on level 1 of the Dungeon)
 21620 | Lair:4   | Found a hole to the Spider Nest.
 21825 | Lair:4   | Killed Kirke
 22522 | Lair:5   | Reached skill level 10 in Dodging
 22524 | Lair:5   | Reached XP level 14. HP: 96/113 MP: 12/31
 22621 | Lair:5   | Found a viscous altar of Jiyva.
 22621 | Lair:5   | Found a staircase to the Slime Pits.
 22769 | Lair:5   | Reached skill level 10 in Stealth
 23177 | Lair:5   | Reached skill level 10 in Invocations
 23703 | Lair:6   | Entered Level 6 of the Lair of Beasts
 24683 | Lair:6   | Reached skill level 12 in Spellcasting
 25004 | Lair:6   | Reached XP level 15. HP: 120/120 MP: 33/33
 25416 | Lair:6   | Found a one-way gate to the infinite horrors of the Abyss.
 26340 | Lair:6   | Found a corrupted altar of Lugonu.
 26818 | D:11     | Reached skill level 10 in Fighting
 26818 | D:11     | Reached skill level 10 in Short Blades
 26818 | D:11     | Reached skill level 10 in Long Blades
 26818 | D:11     | Reached skill level 10 in Axes
 26818 | D:11     | Reached skill level 10 in Maces & Flails
 26818 | D:11     | Reached skill level 10 in Polearms
 26818 | D:11     | Reached skill level 10 in Staves
 26818 | D:11     | Reached skill level 10 in Slings
 26818 | D:11     | Reached skill level 10 in Bows
 26818 | D:11     | Reached skill level 10 in Crossbows
 26818 | D:11     | Reached skill level 10 in Throwing
 26818 | D:11     | Reached skill level 10 in Armour
 26818 | D:11     | Reached skill level 10 in Shields
 26818 | D:11     | Reached skill level 10 in Unarmed Combat
 26818 | D:11     | Reached skill level 10 in Evocations
 27034 | D:11     | Found a staircase to the Orcish Mines.
 27091 | D:11     | Learned a level 7 spell: Summon Hydra
 27092 | Orc:1    | Entered Level 1 of the Orcish Mines
 27320 | Orc:1    | Noticed Josephine
 27401 | Orc:1    | Noticed an orc warlord
 27407 | Orc:1    | Killed an orc warlord
 27431 | Orc:1    | Killed Josephine
 27694 | Orc:2    | Entered Level 2 of the Orcish Mines
 28365 | Orc:2    | Found a staircase to the Elven Halls.
 28696 | Orc:2    | Found Vuir's Magic Scroll Shoppe.
 28696 | Orc:2    | Found Voxzos's Antique Armour Shop.
 28697 | Orc:2    | Found Guelij's Antique Weapon Shop.
 28697 | Orc:2    | Found Utatwu Vein's Magic Scroll Emporium.
 28704 | Orc:2    | Bought a scroll of teleportation for 45 gold pieces
 28757 | Orc:2    | Bought an embroidered robe for 140 gold pieces
 28757 | Orc:2    | Bought a glowing troll leather armour for 684 gold pieces
 28962 | Orc:2    | Bought an ebony shortbow for 264 gold pieces
 28962 | Orc:2    | Identified the +5 shortbow "Xyucsuq" {speed, rCorr} (You
                  | bought it in a shop on level 2 of the Orcish Mines)
 29357 | D:12     | Reached XP level 16. HP: 122/129 MP: 6/34
 29504 | D:12     | Learned a level 5 spell: Lightning Bolt
 30063 | D:13     | Found a frozen archway.
 30095 | D:13     | Found a portal to a secret trove of treasure.
 30153 | IceCv    | Entered an ice cave
 30879 | IceCv    | Identified the +6 scimitar of Fedhas's Generosity {spect,
                  | SInv}
 31784 | D:13     | Reached skill level 13 in Spellcasting
 31811 | D:13     | Found a gate to the Vaults.
 32387 | D:14     | Noticed Mostra's ghost (journeyman DjFE)
 32388 | D:14     | Found a runed translucent gate.
 32389 | D:14     | Found a runed translucent gate.
 32389 | D:14     | Found a runed translucent gate.
 32421 | D:14     | Killed Mostra's ghost
 32444 | D:14     | Learned a level 7 spell: Spellforged Servitor
 32775 | D:15     | Entered Level 15 of the Dungeon
 33160 | D:15     | Reached XP level 17. HP: 122/137 MP: 30/36
 33379 | D:15     | Found a staircase to the Depths.
 33600 | D:15     | Reached skill level 10 in Conjurations
 33600 | D:15     | Reached skill level 10 in Summonings
 33600 | D:15     | Reached skill level 10 in Translocations
 33703 | D:15     | Found Remod's Book Shoppe.
 33731 | D:15     | Bought a book of Dangerous Friends for 680 gold pieces
 33731 | D:15     | Bought a Necronomicon for 952 gold pieces
 33741 | D:15     | Found a sacrificial altar of Ru.
 34339 | Spider:1 | Entered Level 1 of the Spider Nest
 34364 | Spider:1 | Noticed Donald
 34374 | Spider:1 | Killed Donald
 34772 | Lair:4   | Mangled by a wolf spider

Illustrated notes

Levels and vault maps discovered:
D:1:      sevenhm_arrival_forest_fort_small_4, layout_basic
D:2:      layout_basic, hellmonk_ecumenical_altar_blasted, serial_corexii_hall,
          chequers_hall_statues_y, corexii_hall_statues_u
D:3:      minmay_goblin_kobold_castle, layout_loops_ring
D:4:      layout_cave_pods, minmay_misc_feat_diagonals
D:5:      layout_loops_cross, mainiacjoe_overflow_alcove_3, minmay_statues_item,
          roderic_serpentine_path, nicolae_concentric_dashed_squares_mild
D:6:      layout_layer_cave, kennysheep_mini_moat, minmay_temple_entry_waves,
          serial_shops, nicolae_shop_hallway_stairs, uniq_prince_ribbit1
D:7:      lemuel_castle_with_subvaults [lemuel_castle_interior_carwin_1],
          layout_loops_ring, regret_index_temple_of_mockery,
          mainiacjoe_overflow_surrounded_room, nicolae_qazlal_general_emergency,
          mainiacjoe_overflow_six_doors_small, amcnicky_mini_corridor_feature
D:8:      layout_gridville, mainiacjoe_overflow_catwalk,
          kennysheep_orc_sif_temple, lightli_church_of_beogh, uniq_gastronok,
          uniq_erica
D:9:      layout_loops_ring, ploomutoo_gammafunk_ghost_potion_laboratory,
          uniq_psyche
D:10:     layout_rooms, lair_entry_dummy, uniq_grum
D:11:     layout_loops_ring, david_orc_5, gauntlet_entry_generic,
          nrook_mini_vaults, uniq_urug
D:12:     layout_loops_ring, minmay_misc_feat_secret_circle
D:13:     layout_stronghold, grunt_vaults_entry_fortified,
          portal_ice_cave_entry_imps, enter_trove_6, grunt_ministairs_6,
          palyth_stone_intersect
D:14:     layout_loops_ring, ebering_ghost_rock_garden,
          hangedman_abyss_or_decor_slice
D:15:     hangedman_depths_entry_try_elsewhere_first, layout_gridville,
          nicolae_ru_path_of_blood, serial_shops, nicolae_shop_stone,
          st_stairs_3, einodemon_crawler_minivault
Temple:   chequers_temple_sunken
Lair:1:   layout_regular_city, serial_bayou_shore_a
Lair:2:   layout_layer_cave, grunt_megastairs_4
Lair:3:   layout_gridlike, swamp_mist
Lair:4:   layout_regular_city, spider_nest_entry_webs, uniq_kirke
Lair:5:   nzn_winding_woodlands_large [nzn_winding_woodlands_5x5_checkerboard,
          nzn_winding_woodlands_5x15_pool, nzn_winding_woodlands_5x5_three,
          nzn_winding_woodlands_center_triple_pond,
          nzn_winding_woodlands_15x15_killbox,
          nzn_winding_woodlands_center_pierced_h,
          nzn_winding_woodlands_5x5_perimeter,
          nzn_winding_woodlands_5x15_pockets,
          nzn_winding_woodlands_5x5_default], layout_gridlike, slime_altar_1,
          cheibrodos_lair_reptile_den
Lair:6:   hellmonk_lair_end_abyssal_woods, layout_loops_ring,
          serial_bayou_shore_b
Spider:1: layout_spider_delve, worms_lemuel, uniq_donald
Orc:1:    layout_caves, uniq_josephine
Orc:2:    st_orc_ogre_mass, layout_caves, nicolae_orc_crystal_geode

Skill      XL: |  1  2  3  4  5  6  7  8  9 10 11 12 13 14 15 16 17 |
---------------+----------------------------------------------------+-----
Conjurations   | 2 3 4 5 6 7 8 9 10 | 10.1
Summonings     | 2 3 4 5 6 7 8 9 10 | 10.1
Translocations | 2 3 4 5 6 7 8 9 10 | 10.1
Invocations    | 1 2 3 4 5 6 7 8 9 10 11 12 | 12.6
Fighting       | 1 2 3 4 5 6 7 8 9 10 11 | 11.6
Short Blades   | 1 2 3 4 5 6 7 8 9 10 11 | 11.6
Long Blades    | 1 2 3 4 5 6 7 8 9 10 11 | 11.6
Axes           | 1 2 3 4 5 6 7 8 9 10 11 | 11.6
Maces & Flails | 1 2 3 4 5 6 7 8 9 10 11 | 11.6
Polearms       | 1 2 3 4 5 6 7 8 9 10 11 | 11.6
Staves         | 1 2 3 4 5 6 7 8 9 10 11 | 11.6
Slings         | 1 2 3 4 5 6 7 8 9 10 11 | 11.6
Bows           | 1 2 3 4 5 6 7 8 9 10 11 | 11.6
Crossbows      | 1 2 3 4 5 6 7 8 9 10 11 | 11.6
Throwing       | 1 2 3 4 5 6 7 8 9 10 11 | 11.6
Armour         | 1 2 3 4 5 6 7 8 9 10 11 | 11.6
Shields        | 1 2 3 4 5 6 7 8 9 10 11 | 11.6
Unarmed Combat | 1 2 3 4 5 6 7 8 9 10 11 | 11.6
Evocations     | 1 2 3 4 5 6 7 8 9 10 11 | 11.6
Hexes          | 1 2 3 4 5 6 7 8 9 |  9.8
Necromancy     | 1 2 3 4 5 6 7 8 9 |  9.8
Transmutations | 1 2 3 4 5 6 7 8 9 |  9.8
Fire Magic     | 1 2 3 4 5 6 7 8 9 |  9.8
Ice Magic      | 1 2 3 4 5 6 7 8 9 |  9.8
Air Magic      | 1 2 3 4 5 6 7 8 9 |  9.8
Earth Magic    | 1 2 3 4 5 6 7 8 9 |  9.8
Poison Magic   | 1 2 3 4 5 6 7 8 9 |  9.8
Dodging        | 5 6 7 8 9 10 11 12 | 12.4
Stealth        | 5 6 7 8 9 10 11 12 | 12.3
Spellcasting   | 8 9 10 11 12 13 | 13.5

Action                   |  1- 3 |  4- 6 |  7- 9 | 10-12 | 13-15 | 16-18 || total
-------------------------+-------+-------+-------+-------+-------+-------++-------
Melee: Dagger            |    23 |    47 |   132 |       |       |       ||   202
       Bite              |     4 |    14 |    23 |    56 |   225 |   160 ||   482
       Spear             |       |    62 |       |       |       |       ||    62
       Punch             |       |     3 |     4 |     4 |       |       ||    11
       Hand axe          |       |       |    30 |    61 |       |       ||    91
       Trident           |       |       |       |   452 |  1541 |   851 ||  2844
       Scimitar          |       |       |       |    34 |    53 |     8 ||    95
 Fire: Hunting sling     |       |    68 |   149 |    39 |    11 |       ||   267
Throw: Javelin           |       |     1 |       |       |       |       ||     1
       Dart              |       |       |       |       |     2 |       ||     2
 Cast: Magic Dart        |    80 |   109 |   202 |   303 |   218 |    15 ||   927
       Call Imp          |     3 |     7 |    13 |     4 |       |       ||    27
       Mephitic Cloud    |       |     3 |     8 |    19 |     1 |     1 ||    32
       Blink             |       |     1 |     1 |       |       |     4 ||     6
       Conjure Flame     |       |       |    23 |    19 |     6 |     3 ||    51
       Inner Flame       |       |       |     1 |    28 |     2 |       ||    31
       Lee's Rapid Decon |       |       |       |    25 |    88 |    88 ||   201
       Slow              |       |       |       |    12 |    55 |     2 ||    69
       Summon Forest     |       |       |       |     2 |     9 |       ||    11
       Summon Hydra      |       |       |       |       |    16 |    23 ||    39
       Lightning Bolt    |       |       |       |       |       |     8 ||     8
       Spellforged Servi |       |       |       |       |       |    13 ||    13
Invok: Curse Item        |       |       |     1 |     7 |     2 |       ||    10
       Shatter the Chain |       |       |       |     1 |       |       ||     1
Evoke: Wand              |       |       |     1 |     5 |     7 |       ||    13
  Use: Scroll            |       |     4 |     4 |     3 |       |     4 ||    15
       Potion            |       |     1 |       |       |       |       ||     1
 Stab: Sleeping          |     1 |       |     1 |     8 |     7 |    15 ||    32
       Confused          |       |     1 |     4 |     5 |       |       ||    10
       Distracted        |       |       |     1 |     3 |     5 |     7 ||    16
       Paralysed         |       |       |       |       |     9 |       ||     9
       Held in net/web   |       |       |       |       |     1 |       ||     1
Armor: Robe              |     5 |    44 |   134 |   245 |   359 |   325 ||  1112
Dodge: Dodged            |    29 |   112 |   247 |   408 |   563 |   517 ||  1876
Block: Buckler           |       |       |       |   120 |   264 |   259 ||   643

Table legend: (Time is in decaauts)
 A = Elapsed time spent in this place.
 B = Non-inter-level travel time spent in this place.
 C = Inter-level travel time spent in this place.
 D = Time resting spent in this place.
 E = Time spent auto-exploring this place.
 F = Levels seen in this place.
 G = Mean time per level.
                   A        B        C        D        E       F      G
               +--------+--------+--------+--------+--------+-----+--------+
         Total |  33944 |  32323 |   1621 |   4110 |  14185 |  27 | 1257.2 |
       Dungeon |  21316 |  20292 |   1024 |   2572 |  11340 |  15 | 1421.1 |
        Temple |    238 |    238 |      0 |      0 |    202 |   1 |  238.0 |
          Lair |   9418 |   8960 |    458 |   1316 |   2068 |   6 | 1569.7 |
   Spider Nest |     71 |     71 |      0 |      0 |      0 |   1 |   71.0 |
  Orcish Mines |   1767 |   1628 |    139 |     32 |    473 |   2 |  883.5 |
      Ice Cave |    657 |    657 |      0 |     67 |      0 |   1 |  657.0 |
      Gauntlet |    475 |    475 |      0 |    122 |    101 |   1 |  475.0 |
               +--------+--------+--------+--------+--------+-----+--------+

Top non-repeatable levels by time:
     D:7: 3013 daAuts
  Lair:6: 2643 daAuts
     D:3: 2631 daAuts
     D:8: 2096 daAuts
  Lair:4: 1993 daAuts
     D:1: 1840 daAuts
  Lair:5: 1570 daAuts
    D:11: 1477 daAuts
  Lair:2: 1420 daAuts
     D:5: 1319 daAuts
   Orc:2: 1250 daAuts
    D:15: 1241 daAuts
    D:13: 1149 daAuts
     D:4: 1123 daAuts
     D:2: 1086 daAuts
